 Dungeon Crawl Stone Soup version 0.17-a0-530-gbe3d13a (webtiles) character file.

139 Fluffy the Slasher (level 5, -9/38 HPs)
             Began as a Demonspawn Gladiator on Apr 12, 2015.
             Killed by divine providence
             ... invoked by an orc priest
              (14 damage)
             ... on level 3 of the Dungeon.
             The game lasted 00:08:00 (2739 turns).

Fluffy the Slasher (Demonspawn Gladiator)           Turns: 2739, Time: 00:08:00

Health: -9/38      AC: 15    Str: 17    XL:     5   Next: 1%
Magic:  5/5        EV:  5    Int:  9    God:
Gold:   106        SH:  0    Dex: 13    Spells: 0 memorised, 4 levels left

rFire  . . .     SeeInvis .     a - +0 long sword
rCold  . . .     Clarity  .     k - +0 plate armour
rNeg   . . .     SustAb   .     (no shield)
rPois  .         Gourm    .     c - +0 helmet
rElec  .         Spirit   .     (no cloak)
rCorr  .         Warding  .     (no gloves)
rMut   .         Stasis   .     (no boots)
MR     .....                    (no amulet)
Stlth  ..........               (no ring)
                                (no ring)

@: not resistant to hostile enchantments, extremely unstealthy
A: iridescent scales 1, nightstalker 1, rot immunity
a: no special abilities


You were on level 3 of the Dungeon.
You were not hungry.

You visited 1 branch of the dungeon, and saw 3 of its levels.

You collected 106 gold pieces.

Inventory:

Hand weapons
 a - a +0 long sword (weapon)
Missiles
 d - 3 throwing nets (quivered)
Armour
 c - a +0 helmet (worn)
 k - a +0 plate armour (worn)
Potions
 e - a potion of brilliance
 h - a potion of agility
 j - a potion of might {unknown}
 l - a potion of restore abilities {unknown}
 m - a potion of heal wounds {unknown}
Comestibles
 b - 3 meat rations
 f - 2 bread rations
 g - 2 chunks of flesh
 i - a slice of pizza
 o - a beef jerky


   Skills:
 + Level 2.1 Fighting
 + Level 5.1 Long Blades
 - Level 1.7 Throwing
 + Level 0.3 Armour
 - Level 2.6 Dodging


You had 4 spell levels left.
You didn't know any spells.

Dungeon Overview and Level Annotations

Branches:
Dungeon (3/15)

Altars:
Cheibriados
Elyvilon
Zin
The Shining One


Innate Abilities, Weirdness & Mutations

You are partially covered in iridescent scales (AC +4).
You are slightly more attuned to the shadows.
You are immune to rotting.


Message History

The orc priest is severely wounded.
The orc priest hits you with a flail.
Your plate armour prevents you from hitting the orc priest.
The orc priest is severely wounded.
You hit the orc priest.
The orc priest is almost dead.
The orc priest hits you but does no damage.
Your plate armour prevents you from hitting the orc priest.
The orc priest is severely wounded.
The orc priest hits you but does no damage.
You closely miss the orc priest.
The orc priest is severely wounded.
The orc priest mumbles some strange prayers to Beogh against you.
Something smites you!
* * * LOW HITPOINT WARNING * * *
You hit the orc priest but do no damage.
The orc priest is severely wounded.
The orc priest calls down the wrath of Beogh upon you.
Something smites you!
You die...

.........####...#.###
'.........'........รท).
#.........####...#.###
#.......## ##.##.#
##.....## ####.#
##...## ..# ##'## #.##
#.# #. #@# #. #o# #.
.o. . ##... ...## #...
#.## #.#


You could see an orc priest and an orc.

Vanquished Creatures
  8 adders (D:2)
  A worm (D:3)
  2 giant geckos
  An ooze (D:2)
  5 orcs (D:3)
  2 giant cockroaches (D:1)
  4 goblins
  5 hobgoblins
  3 jackals (D:1)
  A ball python (D:2)
  11 bats
  6 giant newts
  8 kobolds
  3 rats
60 creatures vanquished.

Notes
Turn   | Place    | Note
--------------------------------------------------------------
     0 | D:1      | Fluffy, the Demonspawn Gladiator, began the quest for the Orb.
     0 | D:1      | Reached XP level 1. HP: 16/16 MP: 1/1
   207 | D:1      | Reached skill level 3 in Long Blades
   487 | D:1      | Gained mutation: You are immune to rotting. [demonic ancestry]
   487 | D:1      | Reached XP level 2. HP: 12/22 MP: 2/2
  1133 | D:2      | Gained mutation: You are slightly more attuned to the shadows. [demonic ancestry]
  1133 | D:2      | Reached XP level 3. HP: 4/27 MP: 3/3
  1378 | D:2      | Reached skill level 4 in Long Blades
  1872 | D:2      | Reached XP level 4. HP: 24/33 MP: 4/4
  2188 | D:2      | Reached skill level 5 in Long Blades
  2555 | D:3      | Found a glowing silver altar of Zin.
  2556 | D:3      | Found a white marble altar of Elyvilon.
  2556 | D:3      | Found a glowing golden altar of the Shining One.
  2586 | D:3      | Found a snail-covered altar of Cheibriados.
  2731 | D:3      | Gained mutation: You are partially covered in iridescent scales (AC +4). [demonic ancestry]
  2731 | D:3      | Reached XP level 5. HP: 23/38 MP: 5/5
  2739 | D:3      | Killed from afar by an orc priest

Action                   |  1- 3 |  4- 6 || total
-------------------------+-------+-------++-------
Melee: Long sword        |   177 |   118 ||   295
  Use: Scroll            |     3 |     1 ||     4
       Potion            |     1 |     1 ||     2
  Eat: Chunk             |     3 |     3 ||     6
